 Dungeon Crawl Stone Soup version 0.25.1-2-g60ff931df9 (webtiles) character file.

Game seed: 10410489446849901031

544 gruber the Insei (level 7, -8/52 HPs)
             Began as a Grey Draconian Transmuter on Oct 4, 2020.
             Mangled by a wight
             ... wielding a +4 great sword
              (14 damage)
             ... on level 5 of the Dungeon.
             The game lasted 00:03:31 (3214 turns).

gruber the Insei (Grey Draconian Transmuter)        Turns: 3214, Time: 00:03:32

Health: -8/52      AC:  2    Str: 12    XL:     7   Next: 6%
Magic:  7/10       EV: 23    Int: 15    God:
Gold:   133        SH:  0    Dex: 17    Spells: 4/10 levels left

rFire    . . .     SeeInvis .     - Unarmed
rCold    . . .     Gourm    .   (shield currently unavailable)
rNeg     . . .     Faith    .   (armour unavailable)
rPois    x         Spirit   .   (helmet currently unavailable)
rElec    .         Reflect  .   (cloak currently unavailable)
rCorr    .         Harm     .   (gloves currently unavailable)
MR       .....                  (boots currently unavailable)
Stlth    +.........             (no amulet)
HPRegen  0.17/turn              r - +4 ring of evasion
MPRegen  0.12/turn              s - ring of attention (curse)

@: spider-form (expiring), lightly drained
A: tiny, (walk through water), unfitting armour, AC +11
a: End Transformation


You were on level 5 of the Dungeon.
You were not hungry.
You were a venomous arachnid creature.
You visited 1 branch of the dungeon, and saw 5 of its levels.

You collected 133 gold pieces.

Inventory:

Missiles
 a - 34 arrows
 b - 23 poisoned darts (quivered)
Jewellery
 h - an uncursed ring of see invisible
 r - a +4 ring of evasion (left front leg)
 s - a cursed ring of attention (right front leg)
Scrolls
 e - a scroll of fog {unknown}
 f - a scroll of amnesia {unknown}
 g - a scroll of identify {unknown}
 l - a scroll of remove curse {unknown}
 n - a scroll of enchant armour {unknown}
 p - a scroll of magic mapping {unknown}
Potions
 i - 2 potions of stabbing {unknown}
 j - a potion of flight {unknown}
 k - a potion of magic {unknown}
 m - a potion of degeneration {unknown}
 o - a potion of invisibility {unknown}
 q - a potion of curing {unknown}
Comestibles
 c - 6 rations
 d - 7 chunks of flesh


   Skills:
 - Level 1.1(0.7) Fighting
 - Level 1.7(1.3) Dodging
 + Level 7.4(7.0) Unarmed Combat
 - Level 2.0(1.6) Spellcasting
 - Level 3.2(2.8) Transmutations
 + Level 1.4(1.0) Poison Magic


You had 4 spell levels left.
You knew the following spells:

 Your Spells              Type           Power        Failure   Level  Hunger
a - Beastly Appendage     Tmut           #.....       19%         1    ##.....
b - Sticks to Snakes      Tmut           #.......     26%         2    ###....
c - Spider Form           Tmut/Pois      #.........   52%         3    ####...

Your spell library contained the following spells:

 Spells                   Type           Power        Failure   Level  Hunger
 Ice Form                 Ice/Tmut       #.......     90%         4    #####..
 Blade Hands              Tmut           #.........   97%         5    ######.


Dungeon Overview and Level Annotations

Branches:
Dungeon (6/15)
 Temple: D:4-7

Altars:
Cheibriados
Wu Jian


Innate Abilities, Weirdness & Mutations

((You can walk through water.))
((Your dull iron-grey scales are very hard. (AC +11)))
You cannot fit into any form of body armour.
((You can survive without breathing.))
((You are cold-blooded and may be slowed by cold attacks.))


Message History

You have reached level 7!
Your scales start taking on a dull iron-grey colour.
You learn Air Magic much slower.
You learn Earth Magic much quicker.
You can walk through water.
You feel breathless.
You hit the wight.
The wight is moderately damaged.
The wight barely misses you.
You hit the wight but do no damage.
The wight is moderately damaged.
The wight hits you with a +4 great sword!
* * * LOW HITPOINT WARNING * * *
You feel drained.
* * * LOW HITPOINT WARNING * * *
You hit the wight.
The wight is severely damaged.
You hit the wight.
The wight is almost destroyed.
The wight hits you with a +4 great sword!
You die...

#.#
#####.#
#.....#
#.#####
#.# #.#
#.####
#..).#
####s#
#z# #.#
#.. #.#
#.# #.#
#..


You could see a wight.

Vanquished Creatures
  An ogre (D:6)
  A phantom (D:3)
  A bullfrog (D:6)
  3 wights (D:5)
  A crimson imp (D:3)
  A gnoll (D:6)
  6 adders
  A worm (D:2)
  3 dart slugs
  13 orcs
  2 ball pythons
  6 giant cockroaches
  6 goblins
  10 hobgoblins
  5 jackals
  A quokka (D:2)
  5 bats
  4 frilled lizards
  3 kobolds (D:2)
  5 rats
78 creatures vanquished.

Notes
Turn   | Place    | Note
-------+----------+-------------------------------------------
     0 | D:1      | gruber the Draconian Transmuter began the quest for the
                  | Orb.
     0 | D:1      | Reached XP level 1. HP: 16/16 MP: 3/3
   445 | D:1      | Reached XP level 2. HP: 16/23 MP: 5/5
   817 | D:1      | Reached skill level 4 in Unarmed Combat
   890 | D:1      | Learned a level 2 spell: Sticks to Snakes
   922 | D:2      | Reached XP level 3. HP: 27/28 MP: 6/6
   927 | D:2      | Learned a level 3 spell: Spider Form
  1504 | D:2      | Reached XP level 4. HP: 21/35 MP: 7/7
  2049 | D:2      | Found an ornate altar of the Wu Jian Council.
  2049 | D:2      | Found a snail-covered altar of Cheibriados.
  2112 | D:3      | Reached skill level 5 in Unarmed Combat
  2152 | D:3      | Noticed a phantom
  2409 | D:3      | Killed a phantom
  2409 | D:3      | Reached XP level 5. HP: 32/40 MP: 1/8
  2772 | D:3      | Reached skill level 6 in Unarmed Combat
  2795 | D:3      | You fall into a shaft and drop 3 floors!
  2809 | D:6      | Noticed an ogre
  2819 | D:6      | Reached XP level 6. HP: 25/47 MP: 5/9
  2823 | D:6      | Reached skill level 1 in Poison Magic
  3129 | D:5      | Entered Level 5 of the Dungeon
  3146 | D:5      | Reached skill level 7 in Unarmed Combat
  3210 | D:5      | Your scales start taking on a dull iron-grey colour.
  3210 | D:5      | Reached XP level 7. HP: 18/52 MP: 7/10
  3210 | D:5      | Gained mutation: You can survive without breathing. [Grey
                  | Draconian growth]
  3214 | D:5      | Mangled by a wight

Illustrated notes

Levels and vault maps discovered:
D:1:      sevenhm_arrival_forest_fort_large_2, layout_rooms, minmay_tromino_v2
D:2:      layout_rooms, minitemple, lightli_corner_chamber
D:3:      layout_loops_ring
D:5:      layout_loops_ring, minmay_temple_entry_antechambers,
          gammafunk_ghost_grave, uniq_pikel
D:6:      layout_gridville, minmay_quadrilaterals

Skill      XL: |  1  2  3  4  5  6 |
---------------+-------------------+-----
Unarmed Combat | 4 5 6 7 |  7.4
Transmutations | 3 |  3.2
Poison Magic   | 1 |  1.4
Fighting       | |  1.1
Dodging        | |  1.7
Spellcasting   | |  2.0

Action                   |  1- 3 |  4- 6 |  7- 9 || total
-------------------------+-------+-------+-------++-------
Melee: Unarmed           |    92 |   127 |     4 ||   223
       Tailslap          |     9 |     7 |       ||    16
       Kick              |     4 |       |       ||     4
       Punch             |     3 |     2 |       ||     5
       Headbutt          |     2 |       |       ||     2
Throw: Dart              |    64 |    17 |       ||    81
 Cast: Beastly Appendage |     5 |     4 |       ||     9
       Spider Form       |       |     9 |       ||     9
 Stab: Sleeping          |     1 |     1 |       ||     2
  Eat: Chunk             |     2 |     7 |       ||     9
Armor: Skin              |    33 |    21 |       ||    54
Dodge: Dodged            |    84 |    77 |     1 ||   162
